 Dungeon Crawl Stone Soup version 0.20-a0-940-g1ecfa5a (webtiles) character file.

123 JeffiDaFish the Skirmisher (level 4, -6/37 HPs)
             Began as a Demonspawn Fighter on Mar 31, 2017.
             Was a Follower of Trog.
             Killed by divine providence
             ... invoked by an orc priest
              (8 damage)
             ... on level 3 of the Dungeon.
             The game lasted 00:04:35 (2019 turns).

JeffiDaFish the Skirmisher (Demonspawn Fighter)     Turns: 2019, Time: 00:04:36

Health: -6/37      AC:  6    Str: 16    XL:     4   Next: 80%
Magic:  0/4        EV:  7    Int: 10    God:    Trog [*.....]
Gold:   57         SH: 10    Dex: 13    Spells: 3/3 levels left

rFire    . . .     SeeInvis .   a - +0 trident
rCold    . . .     Gourm    .   c - +1 shield
rNeg     . . .     Faith    .   b - +0 scale mail
rPois    .         Spirit   +   (no helmet)
rElec    .         Reflect  .   (no cloak)
rCorr    .         Harm     .   (no gloves)
MR       .....                  (no boots)
Stlth    ..........             (no amulet)
Regen    0.2/turn               (no ring)
MPRegen  0.2/turn               (no ring)

@: very slightly contaminated, starving
A: magic shield, magic regeneration
a: Berserk, Burn Spellbooks, Renounce Religion


You were on level 3 of the Dungeon.
You worshipped Trog.
Trog was aware of your devotion.
You were starving.

You visited 1 branch of the dungeon, and saw 3 of its levels.

You collected 57 gold pieces.

Inventory:

Hand Weapons
 a - a +0 trident (weapon)
 j - a cursed -2 halberd
Armour
 b - a +0 scale mail (worn)
 c - a +1 shield (worn)
Scrolls
 e - 2 scrolls of identify
 h - a scroll of recharging
Potions
 d - a potion of might
Comestibles
 f - 3 bread rations
 i - 5 chunks of flesh


   Skills:
 + Level 3.8 Fighting
 + Level 3.1 Polearms
 + Level 3.0 Armour
 + Level 0.8 Dodging
 + Level 3.2 Shields


You had 3 spell levels left.
You didn't know any spells.

Dungeon Overview and Level Annotations

Branches:
Dungeon (3/15)

Altars:
Trog
The Shining One


Innate Abilities, Weirdness & Mutations

When hurt, damage is shared between your health and your magic reserves.
You regenerate magic rapidly.


Message History

The orc priest is lightly wounded.
You block the hungry ghost's attack. The orc priest barely misses you.
The orc hits you but does no damage. Something hits you but does no damage.
The orc hits you with a whip.
* * * LOW HITPOINT WARNING * * *
You block the hungry ghost's attack.
You closely miss the orc priest.
The orc priest is lightly wounded.
The orc priest barely misses you. You block something's attack.
The orc hits you but does no damage. You block the orc's attack.
You block the hungry ghost's attack.
You hit the orc priest but do no damage.
The orc priest is lightly wounded.
You block the orc priest's attack. Something hits you but does no damage.
The orc closely misses you. You block the orc's attack.
You block the hungry ghost's attack. Something hits you.
* * * LOW HITPOINT WARNING * * *
The orc priest calls down the wrath of Beogh upon you.
Beogh smites you!
You die...

....# .>.... ....# ...... ....#
...... ....# ......
....#############################
.>..'............................
....#############################
#+#........ ###.W.#######.......
#.......... +..@oo'.............
###........ ###{o<#######.......
######### #...# #....... #####
#....... #....... ##############
#....... #........)...####.......
#.......................
#.................######


You could see a hungry ghost, an orc priest and 2 orcs.

Vanquished Creatures
  4 gnolls (D:2)
  2 adders (D:2)
  An ooze (D:1)
  A worm (D:3)
  2 dart slugs
  A leopard gecko (D:2)
  An orc (D:3)
  5 giant cockroaches
  6 goblins
  6 hobgoblins
  2 jackals (D:1)
  2 quokkas (D:2)
  5 bats
  4 frilled lizards
  7 kobolds
  7 rats
56 creatures vanquished.

Notes
Turn   | Place    | Note
-------+----------+-------------------------------------------
     0 | D:1      | JeffiDaFish the Demonspawn Fighter began the quest for the Orb.
     0 | D:1      | Reached XP level 1. HP: 18/18 MP: 1/1
   182 | D:1      | Gained mutation: When hurt, damage is shared between your health and your magic reserves. [demonic ancestry]
   182 | D:1      | Reached XP level 2. HP: 24/24 MP: 2/2
   531 | D:1      | Gained mutation: You regenerate magic rapidly. [demonic ancestry]
   531 | D:1      | Reached XP level 3. HP: 28/29 MP: 3/3
   895 | D:2      | Found a bloodstained altar of Trog.
  1103 | D:2      | Found a glowing golden altar of the Shining One.
  1220 | D:2      | Became a worshipper of Trog the Wrathful
  1555 | D:2      | Reached XP level 4. HP: 37/37 MP: 4/4
  1936 | D:3      | Reached * piety under Trog
  2008 | D:3      | Noticed a hungry ghost
  2019 | D:3      | Killed from afar by an orc priest

Vault maps used:
D:1:      roderic_dead_forest, minivault_24, kennysheep_another_room
D:2:      lightli_temple_of_fire, nicolae_tso_carved_into_rock,
          minmay_misc_feat_cross
D:3:      lemuel_coloured_pillars_altar, first_bread

Skill      XL: |  1  2  3  4 |
---------------+-------------+-----
Polearms       | 2 3 |  3.1
Armour         | 3 |  3.0
Shields        | 3 |  3.2
Fighting       | |  3.8
Dodging        | |  0.8

Action                   |  1- 3 |  4- 6 || total
-------------------------+-------+-------++-------
Melee: Trident           |   173 |    76 ||   249
  Use: Scroll            |     6 |     2 ||     8
       Potion            |     1 |       ||     1
  Eat: Chunk             |     2 |     2 ||     4
Armor: Scale mail        |    76 |    29 ||   105
Dodge: Dodged            |    46 |    19 ||    65
Block: Shield            |    83 |    44 ||   127
